 Dungeon Crawl Stone Soup version 0.16-a0-4108-g6e49b0d (webtiles) character file.

3223 Chiseanne the Shield-Bearer (level 9, 0/72 HPs)
             Began as a Mummy Fighter on Feb 26, 2015.
             Was an Initiate of Gozag.
             Killed from afar by an electric eel (6 damage)
             ... with a bolt of electricity
             ... on level 8 of the Dungeon.
             The game lasted 00:22:52 (7664 turns).

Chiseanne the Shield-Bearer (Mummy Fighter)         Turns: 7664, Time: 00:22:53

Health: 0/72       AC: 17    Str: 19    XL:     9   Next: 66%
Magic:  10/10      EV:  4    Int:  7    God:    Gozag
Gold:   520        SH: 11    Dex: 14    Spells: 0 memorised, 8 levels left

rFire  x . .     SeeInvis .     a - +5 whip (elec)
rCold  + + .     Clarity  .     b - +0 plate armour {MR+}
rNeg   + + +     SustAb   .     c - +0 shield
rPois  ∞         Gourm    .     (no helmet)
rElec  .         Spirit   .     G - +0 cloak
rCorr  .         Warding  .     f - +0 pair of gloves
rMut   .         Stasis   .     n - +0 pair of boots
MR     ++...                    t - amulet of faith
Stlth  ..........               x - ring of wizardry
                                r - ring of protection from cold

@: very resistant to hostile enchantments, extremely unstealthy
A: no food or potions, fire vulnerability, restore body, cold resistance 1,
negative energy resistance 3, poison resistance, torment resistance, unbreathing
a: Potion Petition, Call Merchant, Bribe Branch, Renounce Religion


You were on level 8 of the Dungeon.
You worshipped Gozag.
Gozag was noncommittal.
You were not hungry.

You visited 2 branches of the dungeon, and saw 9 of its levels.

You collected 701 gold pieces.
You spent 36 gold pieces at shops.
You paid 145 gold pieces to Gozag.

Inventory:

Hand weapons
 a - a +5 whip of electrocution (weapon)
 d - a +0 hand axe of chopping
 s - a +3 short sword of flaming
 w - a +0 hunting sling of flaming
 F - a +4 quarterstaff of chaos
Missiles
 e - 59 sling bullets
 l - 41 bolts
 o - 39 poisoned needles
 u - 18 bolts of flame
Armour
 b - a +0 plate armour of magic resistance (worn)
 c - a +0 shield (worn)
 f - a +0 pair of gloves (worn)
 n - a +0 pair of boots (worn)
 G - a +0 cloak (worn)
Jewellery
 r - a ring of protection from cold (left hand)
 t - an amulet of faith (around neck)
 x - a ring of wizardry (right hand)
Magical devices
 p - a wand of polymorph (0)
 v - a wand of random effects (3)
 A - a wand of magic darts (2)
 E - a wand of flame (27)
Scrolls
 g - 5 scrolls of identify
 i - 4 scrolls of teleportation
 j - 2 scrolls of amnesia
 m - 2 scrolls of recharging
 D - a scroll of remove curse
Books
 y - a book of the Dragon

   Spells                             Type                      Level
   a - Flight                         Charms/Air                   3
   b - Cause Fear                     Hexes                        4
   c - Bolt of Fire                   Conjuration/Fire             6
   d - Dragon Form                    Transmutation                7
   e - Dragon's Call                  Summoning                    9
 C - a Fen Folio

   Spells                             Type                      Level
   a - Corpse Rot                     Necromancy                   2
   b - Stone Arrow                    Conjuration/Earth            3
   c - Leda's Liquefaction            Hexes/Earth                  4
   d - Summon Forest                  Summoning/Translocation      5
   e - Hydra Form                     Transmutation                6
   f - Summon Hydra                   Summoning                    7
Miscellaneous
 k - a plain deck of destruction {drawn: 2}


   Skills:
 * Level 7.1 Fighting
 - Level 1.5 Axes
 * Level 7.2 Armour
 * Level 7.8 Shields
 * Level 1.2 Evocations


You had 8 spell levels left.
You didn't know any spells.

Dungeon Overview and Level Annotations

Branches:
Dungeon (8/15)             Temple (1/1) D:6
   Lair: D:8-11

Altars:
Ashenzari
Cheibriados
Dithmenos
Elyvilon
Fedhas
Gozag
Kikubaaqudgha
Makhleb
Nemelex Xobeh
Okawaru
Qazlal
Ru
Sif Muna
Trog
Xom
Yredelemnul
Zin
The Shining One

Shops:
D:6 *


Innate Abilities, Weirdness & Mutations

You do not eat or drink.
Your flesh is vulnerable to fire.
Your flesh is cold resistant.
You are immune to negative energy.
Your system is resistant to poisons.
You are immune to unholy pain and torment.
You can survive without breathing.


Message History

Read which item? (? for menu, Esc to quit)
Okay, then.
Evoke which item? (* to show all) (? for menu, Esc to quit)
Zapping:
E - a wand of flame {zapped: 2} (will waste charges)
Press: ? - help, Shift-Dir - straight line, f - electric eel
Aim: an electric eel The puff of flame misses the electric eel.
Evoking this partially-identified wand wasted a few charges.
The electric eel is engulfed in a cloud of scalding steam.
A rat comes into view.
You block the ufetubus' attack. x2
Your plate armour prevents you from hitting the rat.
You block the ufetubus' attack.
The ufetubus hits you but does no damage.
The rat bites you but does no damage.
The electric eel shoots out a bolt of lightning at you!
The bolt of electricity hits the ufetubus.
The bolt of electricity hits you!
You die...
Your body crumbles into a pile of gold.

#... #...
#... .... $
..... ## .##.
.# ####r####
#≈≈@.≈≈≈#
#≈§5..≈≈#
#≈.....≈#
............
.##§....(≈##.
# #§.....≈#
#≈;≈..≈≈#
####.### .


You could see an electric eel, an ufetubus and a rat.

Vanquished Creatures
  A hippogriff (D:7)
  Menkaure (D:6)
  A warg (D:8)
  2 orc warriors
  2 phantoms (D:4)
  3 ice beasts
  A sky beast (D:4)
  5 centaurs
  An ogre (D:7)
  Sigmund (D:7)
  Duvessa (D:4)
  A giant frog (D:6)
  5 killer bees (D:8)
  A scorpion (D:5)
  A water moccasin skeleton (D:5)
  3 crimson imps
  7 orc priests
  Dowan (D:4)
  6 hounds
  A jelly (D:7)
  Crazy Yiuf (D:6)
  6 orc wizards
  Natasha (thrice) (D:5)
  3 iguanas
  4 worker ants
  Ijyb (D:2)
  8 adders
  5 worms
  An adder skeleton (D:4)
  2 giant geckos
  18 orcs
  11 hobgoblins
  3 jackals (D:7)
  2 quokkas
  15 bats
  5 giant cockroaches
  8 giant newts
  12 goblins
  13 kobolds
  A quokka skeleton (D:5)
  11 rats
  3 ballistomycetes (D:7)
181 creatures vanquished.

Vanquished Creatures (others)
  2 giant spores
2 creatures vanquished.

Grand Total: 183 creatures vanquished

Notes
Turn   | Place    | Note
--------------------------------------------------------------
     0 | D:1      | Chiseanne, the Mummy Fighter, began the quest for the Orb.
     0 | D:1      | Reached XP level 1. HP: 18/18 MP: 1/1
   101 | D:1      | Reached XP level 2. HP: 22/24 MP: 2/2
   505 | D:2      | Found a shattered altar of Ashenzari.
   569 | D:2      | Reached XP level 3. HP: 10/29 MP: 3/3
   951 | D:2      | Noticed Ijyb
   963 | D:2      | Killed Ijyb
  1157 | D:2      | Found a sparkling altar of Nemelex Xobeh.
  1413 | D:2      | Reached XP level 4. HP: 36/36 MP: 4/4
  1789 | D:3      | Found a glowing golden altar of the Shining One.
  2255 | D:3      | Reached XP level 5. HP: 24/42 MP: 5/5
  2261 | D:3      | Reached skill level 4 in Fighting
  2601 | D:4      | Found a shadowy altar of Dithmenos.
  2946 | D:4      | Noticed a phantom
  2947 | D:4      | Noticed Dowan
  3003 | D:4      | Killed Dowan
  3003 | D:4      | Reached XP level 6. HP: 38/49 MP: 6/6
  3042 | D:4      | Killed a phantom
  3149 | D:4      | Noticed a phantom
  3164 | D:4      | Killed a phantom
  3240 | D:4      | Reached XP level 7. HP: 42/55 MP: 7/7
  3375 | D:4      | Noticed Duvessa
  3480 | D:4      | Killed Duvessa
  3591 | D:4      | Reached skill level 5 in Fighting
  3736 | D:4      | Noticed an ogre
  3738 | D:4      | an ogre changed into a sky beast
  3875 | D:4      | Reached skill level 5 in Armour
  3902 | D:4      | Reached skill level 5 in Shields
  3960 | D:5      | Entered Level 5 of the Dungeon
  4089 | D:5      | Found a deep blue altar of Sif Muna.
  4430 | D:5      | Reached XP level 8. HP: 39/63 MP: 8/8
  4830 | D:5      | Found a snail-covered altar of Cheibriados.
  4971 | D:5      | Noticed Natasha
  4976 | D:5      | Killed Natasha
  4978 | D:5      | Found a burning altar of Makhleb.
  5018 | D:5      | Noticed Natasha
  5019 | D:5      | Killed Natasha
  5038 | D:5      | Noticed Natasha
  5046 | D:5      | Killed Natasha
  5142 | D:6      | Found a staircase to the Ecumenical Temple.
  5161 | Temple   | Entered the Ecumenical Temple
  5219 | Temple   | Became a worshipper of Gozag Ym Sagoz the Greedy
  5389 | D:6      | Noticed Menkaure
  5400 | D:6      | Killed Menkaure
  5400 | D:6      | Reached skill level 6 in Fighting
  5491 | D:6      | Found Oniodir's General Store.
  5753 | D:6      | Bought a scroll of remove curse for 36 gold pieces
  5858 | D:6      | Noticed Crazy Yiuf
  5873 | D:6      | Killed Crazy Yiuf
  5873 | D:6      | Reached XP level 9. HP: 50/71 MP: 9/9
  6383 | D:7      | Reached skill level 7 in Shields
  7086 | D:7      | Noticed Sigmund
  7112 | D:7      | Killed Sigmund
  7626 | D:8      | Reached skill level 1 in Evocations
  7664 | D:8      | Killed from afar by an electric eel

Action                   |  1- 3 |  4- 6 |  7- 9 || total
-------------------------+-------+-------+-------++-------
Melee: War axe           |    74 |       |       ||    74
       Whip              |     4 |   160 |   374 ||   538
 Fire: Hunting sling     |       |       |    18 ||    18
Evoke: Deck              |       |       |     2 ||     2
       Wand              |       |       |    10 ||    10
  Use: Scroll            |     5 |       |    13 ||    18
 Stab: Distracted        |       |       |     1 ||     1
       Paralysed         |       |       |     1 ||     1
